 Dungeon Crawl Stone Soup version 0.30.1-4-g462c640d31 (webtiles) character file.

Game seed: 5609389821949823357

95 Buffagor the Chopper (level 4, -11/58 HPs)
             Began as a Minotaur Berserker on Aug 23, 2023.
             Was a Believer of Trog.
             Mangled by Edmund
             ... wielding a +2 flail of protection
              (12 damage)
             ... on level 4 of the Dungeon.
             The game lasted 00:02:40 (1010 turns).

Buffagor the Chopper (Minotaur Berserker)           Turns: 1010, Time: 00:02:41

Health: -11/58     AC:  2    Str: 24    XL:     4   Next: 40%
Magic:  3/3        EV: 12    Int:  4    God:    Trog [**....]
Gold:   76         SH:  0    Dex:  9    Spells: 3/3 levels left

rFire   . . .        a - +0 hand axe
rCold   . . .        (no shield)
rNeg    . . .        b - +0 animal skin
rPois   .            (helmet restricted)
rElec   .            (no cloak)
rCorr   .            (no gloves)
SInv    .            (no boots)
Will    .....        (no amulet) Stlth
                     (no ring)
HPRegen 0.29/turn    (no ring)
MPRegen 0.08/turn

%: no passive effects
@: berserking, very quick
A: horns 2, retaliatory headbutt
a: Renounce Religion, Berserk, Trog's Hand


You were on level 4 of the Dungeon.
You worshipped Trog.
Trog was pleased with you.
You visited 1 branch of the dungeon, and saw 3 of its levels.

You collected 76 gold pieces.

Inventory:

Hand Weapons
 a - a +0 hand axe (weapon)
Missiles
 e - 2 poisoned darts
 f - a stone (quivered)
Armour
 b - a +0 animal skin (worn)
Potions
 c - a potion of heal wounds {unknown}
 d - 2 potions of might
 g - a potion of ambrosia


   Skills:
 - Level 3.6 Fighting
 + Level 6.3 Axes
 - Level 2.4 Armour
 - Level 2.1 Dodging


You had 3 spell levels left.
You didn't know any spells.
Your spell library was empty.

Dungeon Overview and Level Annotations

Branches:
Dungeon (4/15)
 Temple: D:4-7

Altars:

Annotations:
D:4 Edmund


Innate Abilities, Weirdness & Mutations

You have a pair of horns on your head.
You reflexively headbutt those who attack you in melee.


Message History

You see here a ball python corpse.
You hear the brisk rusting of a very distant drain.
A goblin comes into view. It is wielding a +0 club.
You hit the goblin.
The goblin is severely wounded.
The goblin barely misses you. You furiously retaliate!
You headbutt the goblin!
You kill the goblin!
Trog accepts your kill.
You see here a +0 club.
Found 19 gold pieces.
A kobold comes into view. It is wielding a +0 club.
The kobold shouts!
You hear a shout!
You closely miss the kobold. The kobold hits you with a +0 club.
You hit the kobold.
The kobold is severely wounded.
The kobold closely misses you.
You hit the kobold.
You kill the kobold!
Trog accepts your kill.
Edmund and an orc come into view.
Edmund is wielding a +2 flail of protection.
Edmund shouts!
The orc shouts!
Things that are here:
a +0 club; 7 gold pieces Edmund drinks a potion.
Edmund flickers and vanishes!
Deactivating autopickup; reactivate with Ctrl-A.
Something hits you!
Unknown command.
Unknown command.
A red film seems to cover your vision as you go berserk!
You feel yourself moving faster!
You feel mighty! Something hits you.
You slash something! You closely miss something.
Your headbutt misses something. Something hits you!
You miss something. Something hits you!
* * * LOW HITPOINT WARNING * * *
You barely miss something. You headbutt something! You barely miss something.
Your headbutt misses something. Something hits you!
* * * LOW HITPOINT WARNING * * *
You hit something. Something hits you!
You die...

#.# #.# ##
# ###.###.#
#.#$......#
#.#.#.##..#
#..#.##.#
#.#.#{.#
#.)..#@#
#.####.#
#.# #.# #.#
### #.#
#.## #..#
#.## #.#


There were no monsters in sight!

Vanquished Creatures
  A scorpion (D:4)
  2 dart slugs (D:1)
  An orc (D:4)
  4 endoplasms (D:1)
  A giant cockroach (D:1)
  4 goblins
  A hobgoblin (D:1)
  2 ball pythons
  5 bats (D:1)
  2 frilled lizards (D:1)
  6 kobolds
  5 rats (D:1)
34 creatures vanquished.

Notes
Turn   | Place    | Note
-------+----------+-------------------------------------------
     0 | D:1      | Buffagor the Minotaur Berserker began the quest for the
                  | Orb.
     0 | D:1      | Reached XP level 1. HP: 19/19 MP: 0/0
     1 | D:1      | Noticed a troll
     7 | D:1      | Noticed a merfolk
     8 | D:1      | Noticed a minotaur
    11 | D:1      | Noticed a demonspawn
    11 | D:1      | Noticed an elf
    15 | D:1      | Noticed a minotaur zombie
    86 | D:1      | Reached skill level 4 in Axes
   207 | D:1      | Reached XP level 2. HP: 26/26 MP: 1/1
   396 | D:1      | Reached skill level 5 in Axes
   429 | D:1      | Reached ** piety under Trog
   574 | D:1      | Reached XP level 3. HP: 30/31 MP: 2/2
   587 | D:1      | Found a faded altar of an unknown god.
   688 | D:2      | You fall into a shaft and drop 2 floors!
   756 | D:4      | Noticed a scorpion
   765 | D:4      | Killed a scorpion
   766 | D:4      | Reached skill level 6 in Axes
   766 | D:4      | Reached XP level 4. HP: 15/39 MP: 3/3
   999 | D:4      | Noticed Edmund
  1009 | D:4      | HP: 1/58 [something (9)]
  1010 | D:4      | Mangled by Edmund

Illustrated notes

Levels and vault maps discovered:
D:1:      shiori_arrival_whats_in_store_for_you, layout_basic,
          hellmonk_ecumenical_altar_pennies_from_heaven
D:2:      layout_loops_ring, amethyst_killhole, chequers_serial_rivers_room_b
D:4:      layout_loops_ring, mainiacjoe_overflow_two_lobes,
          gup_sewer_entry_bubbles, uniq_edmund, uniq_ijyb

Skill      XL: |  1  2  3 |
---------------+----------+-----
Axes           | 4 5 6 |  6.3
Fighting       | |  3.6
Armour         | |  2.4
Dodging        | |  2.1

Action                     |  1- 3 |  4- 6 || total
---------------------------+-------+-------++-------
  Melee: Hand axe          |    64 |    10 ||    74
         Headbutt          |     8 |     1 ||     9
         Punch             |     1 |       ||     1
  Throw: Dart              |    14 |       ||    14
         Stone             |     9 |       ||     9
 Invoke: Berserk           |     1 |     1 ||     2
    Use: Scroll            |     3 |       ||     3
 Armour: Animal skin       |    12 |       ||    12
  Dodge: Dodged            |    35 |     2 ||    37
